 Dungeon Crawl Stone Soup version 0.31-a0-837-g3fff7bc (webtiles) character file.

Game seed: 2326031983378015673

12070 cnlflgl the Grappler (level 11, 0/95 (115) HPs)
             Began as a Troll Gladiator on Sept 26, 2023.
             Was a Plaything of Xom.
             Slain by a hell rat (11 damage)
             ... on level 2 of the Lair of Beasts.
             The game lasted 00:31:20 (9268 turns).

cnlflgl the Grappler (Troll Gladiator)              Turns: 9268, Time: 00:31:21

HP:   0/95 (115)    AC: 12    Str: 26    XL:     11   Next: 57%
MP:   10/10         EV: 10    Int:  6    God:    Xom [......]
Gold: 684           SH:  0    Dex: 11    Spells: 10/10 levels left

rFire   . .          .
                       - Unarmed
rCold   . . .        (no shield)
rNeg    . . .        z - +0 swamp dragon scales
rPois   +            b - melded +0 hat
rElec   .            A - melded +0 cloak {rPois}
rCorr   .            (gloves unavailable)
SInv    +            (boots unavailable)
Will    +....        i - amulet of regeneration
Stlth   +            l - ring of see invisible
HPRegen 1.95/turn    J - ring of willpower
MPRegen 0.12/turn

%: no passive effects
@: beast-form, heavily drained
A: beast (slay +4), large, unfitting armour, claws 3, regeneration 1, shaggy fur
1, tough skin 1, iridescent scales 1, robust 1, wild magic 1
a: Begin Untransformation, Renounce Religion


You were on level 2 of the Lair of Beasts.
You worshipped Xom.
You were a very special plaything of Xom.
You were a hulking beast.
You visited 3 branches of the dungeon, and saw 14 of its levels.

You collected 827 gold pieces.
You spent 143 gold pieces at shops.

Inventory:

Hand Weapons
 s - the +5 trident of Isoof {flame, Str+3}
   (You found it on level 8 of the Dungeon)

   Str+3:     It affects your strength (+3).
Missiles
 c - 3 throwing nets (quivered)
 d - a large rock
 e - 49 poisoned darts
 q - 6 javelins
 I - a curare-tipped dart
Armour
 a - a +0 robe of willpower
 b - a +0 hat (melded)
 z - +0 swamp dragon scales (worn)
 A - a +0 cloak of poison resistance (melded)
 S - the +1 kite shield "Fanol" {Rampage Will- rCorr}
   (Xom gifted it to you on level 11 of the Dungeon)

   Will-:     It decreases your willpower.
   rCorr:     It protects you from acid and corrosion.
   Rampage:   It bestows one free step when moving towards enemies.
Jewellery
 i - an amulet of regeneration (around neck)
 l - a ring of see invisible (left claw)
 v - a ring of ice
 y - a ring of positive energy
 G - a +6 ring of strength
 J - a ring of willpower (right claw)
 P - a ring of fire
Talismans
 g - a maw talisman
 n - a beast talisman (active)
 Q - a flux talisman
Wands
 u - a wand of roots (39)
 w - a wand of mindburst (8)
 K - a wand of flame (47)
Scrolls
 f - 5 scrolls of fog {unknown}
 h - 2 scrolls of enchant weapon {unknown}
 m - 7 scrolls of teleportation {unknown}
 o - a scroll of immolation
 r - a scroll of silence
 B - a scroll of butterflies
 D - 2 scrolls of fear
 L - a scroll of enchant armour
 O - a scroll of revelation
Potions
 j - 3 potions of haste {unknown}
 k - 2 potions of enlightenment
 p - 2 potions of cancellation {unknown}
 t - 3 potions of mutation
 x - a potion of resistance
 C - 2 potions of invisibility {unknown}
 E - 3 potions of heal wounds
 F - a potion of ambrosia
 H - 2 potions of might
 N - a potion of attraction
 R - a potion of magic {unknown}
Miscellaneous
 M - a phantom mirror


   Skills:
 - Level 6.0 Fighting
 - Level 4.0 Throwing
 - Level 4.0 Armour
 + Level 4.9 Dodging
 - Level 12.0 Unarmed Combat
 + Level 9.2 Shapeshifting


You had 10 spell levels left.
You didn't know any spells.
Your spell library contained the following spells:

 Spells                   Type           Power      Damage    Failure   Level
 Dazzling Flash           Conj/Hex       0%         N/A       95%         3
 Agony                    Necr           0%         N/A       100%        5
 Silence                  Hex/Air        0%         N/A       100%        5


Dungeon Overview and Level Annotations

Branches:
Dungeon (11/15)            Temple (1/1) D:6            Lair (2/5) D:11
    Orc (0/2) D:11
  Swamp: Lair:2-3    Shoals: Lair:2-3     Snake: Lair:2-3    Spider: Lair:2-3

Altars:
Ashenzari
Cheibriados
Dithmenos
Elyvilon
Fedhas
Gozag
Hepliaklqana
Kikubaaqudgha
Makhleb
Nemelex Xobeh
Okawaru
Qazlal
Ru
Sif Muna
Trog
Uskayaw
Vehumet
Wu Jian
Xom
Yredelemnul
Zin
The Shining One

Shops:
D:5 [   D:8 :[**

Annotations:
D:4 Blork the orc
D:5 1 runed translucent door, exclusion: door, Caterwaul's ghost, novice HuMo


Innate Abilities, Weirdness & Mutations

You are a hulking beast.
Your limbs bulge with bestial killing power. (Slay +4)
You are too large for most types of armour.
You have claws for hands.
Your natural rate of healing is unusually fast.
You are covered in fur. (AC +1)
You have tough skin. (AC +1)
You are partially covered in iridescent scales. (AC +2)
You are robust. (+10% HP)
Your spells are a little harder to cast, but a little more powerful.


Message History

You claw the hell rat!
The hell rat is almost dead.
The hell rat barely misses you. The hell rat bites you!
* * * LOW HITPOINT WARNING * * *
You feel drained.
* * * LOW HITPOINT WARNING * * *
Unknown command.
You mangle the hell rat!!
You kill the hell rat!
The hell rat closely misses you.
Unknown command.
You completely miss the hell rat.
The hell rat bites you but does no damage.
Unknown command.
You closely miss the hell rat. The hell rat bites you.
* * * LOW HITPOINT WARNING * * *
Unknown command.
You closely miss the hell rat. You claw the hell rat.
The hell rat is moderately wounded.
The hell rat bites you!
* * * LOW HITPOINT WARNING * * *
You feel drained.
* * * LOW HITPOINT WARNING * * *
Unknown command.
You barely miss the hell rat.
The hell rat is moderately wounded.
The hell rat bites you but does no damage.
Unknown command.
You closely miss the hell rat.
The hell rat is moderately wounded.
The hell rat bites you!
* * * LOW HITPOINT WARNING * * *
You feel drained.
* * * LOW HITPOINT WARNING * * *
Unknown command.
You closely miss the hell rat. Your claw misses the hell rat.
The hell rat is moderately wounded.
The hell rat bites you!
You die... "Huh?
Did I miss anything?"

..## #. ..####P..
....P#... .....P...
###........
####..........
####.....††......
..##P#P.......hr#
.......<)......##
................#
...................
......).........P#..
.....................
#...........#.##.....
#...........### ##..
##..........#


You could see a hell rat.

Vanquished Creatures
  A catoblepas (D:11)
  A black mamba (Lair:1)
  A guardian serpent (Lair:1)
  2 cane toads (Lair:1)
  Maggie (D:7)
  2 unseen horrors (D:11)
  A kobold demonologist (D:10)
  4 komodo dragons
  A raiju (D:11)
  Sigmund (D:5)
  17 yaks
  A wyvern (D:8)
  A steam dragon (D:10)
  An acid dragon (D:9)
  6 water moccasins
  An orc warrior (D:10)
  4 black bears
  4 sky beasts
  3 boggarts (D:11)
  5 centaurs
  5 kobold brigands
  A gnoll sergeant (D:7)
  4 bullfrogs
  10 wights
  12 killer bees
  A howler monkey (D:5)
  2 hounds
  3 jellies
  A gnoll bouda (D:6)
  7 orc priests
  Crazy Yiuf (D:5)
  Ijyb (D:5)
  An iguana (D:5)
  7 orc wizards
  6 hell rats (Lair:2)
  6 adders
  11 gnolls
  A white imp (D:4)
  An ufetubus (D:6)
  A worm (D:3)
  4 dart slugs
  33 orcs
  6 endoplasms
  A giant cockroach (D:2)
  9 goblins
  8 hobgoblins
  2 quokkas
  5 ball pythons
  5 bats
  2 frilled lizards
  15 kobolds
  4 rats
234 creatures vanquished.

Notes
Turn   | Place    | Note
-------+----------+-------------------------------------------
     0 | D:1      | cnlflgl the Troll Gladiator began the quest for the Orb.
     0 | D:1      | Reached XP level 1. HP: 19/19 MP: 0/0
   317 | D:1      | Reached XP level 2. HP: 28/28 MP: 1/1
   756 | D:2      | Reached XP level 3. HP: 35/35 MP: 2/2
   788 | D:2      | Reached skill level 4 in Unarmed Combat
  1027 | D:2      | Found a sacrificial altar of Ru.
  1354 | D:3      | Reached skill level 1 in Shapeshifting
  1354 | D:3      | Reached XP level 4. HP: 42/42 MP: 3/3
  1435 | D:3      | Reached skill level 5 in Unarmed Combat
  1488 | D:3      | Reached XP level 5. HP: 35/49 MP: 4/4
  1969 | D:3      | Found a glowing silver altar of Zin.
  2092 | D:3      | Found a faded altar of an unknown god.
  2096 | D:3      | Found a glowing golden altar of the Shining One.
  2210 | D:4      | Noticed Blork the orc
  2691 | D:5      | Entered Level 5 of the Dungeon
  2745 | D:5      | Noticed Ijyb
  2756 | D:5      | Killed Ijyb
  2757 | D:5      | Reached XP level 6. HP: 57/57 MP: 5/5
  2778 | D:5      | Found Waag's Antique Armour Boutique.
  2795 | D:5      | Found a runed translucent door.
  2798 | D:5      | Noticed Caterwaul's ghost (novice HuMo)
  2805 | D:5      | Reached skill level 6 in Unarmed Combat
  2822 | D:5      | Noticed Sigmund
  2861 | D:5      | Killed Sigmund
  2912 | D:5      | Reached XP level 7. HP: 64/66 MP: 6/6
  2970 | D:5      | Found a runed translucent door.
  2971 | D:5      | Noticed Crazy Yiuf
  3580 | D:5      | Killed Crazy Yiuf
  3714 | D:6      | Found a staircase to the Ecumenical Temple.
  3725 | Temple   | Entered the Ecumenical Temple
  3750 | Temple   | Became a worshipper of Xom of Chaos
  3820 | D:5      | XOM: potion effect (attraction)
  3822 | D:5      | Reached skill level 7 in Unarmed Combat
  3901 | D:6      | XOM: silly message
  3905 | D:6      | XOM: potion effect (brilliance)
  3907 | D:6      | Reached XP level 8. HP: 72/74 MP: 7/7
  3911 | D:6      | XOM: silly message
  3913 | D:6      | Reached skill level 5 in Shapeshifting
  4104 | D:6      | Reached skill level 8 in Unarmed Combat
  4212 | D:7      | XOM: silly message
  4273 | D:7      | XOM: potion effect (invisibility)
  4337 | D:7      | XOM: noise
  4345 | D:7      | Reached skill level 9 in Unarmed Combat
  4349 | D:7      | XOM: blink monster(s)
  4468 | D:7      | Reached XP level 9. HP: 72/80 MP: 8/8
  4538 | D:7      | XOM: potion effect (brilliance)
  4566 | D:7      | XOM: enchant monster (good)
  4629 | D:7      | XOM: 1-stop teleportation journey
  4676 | D:7      | XOM: silly message
  4738 | D:7      | Reached skill level 10 in Unarmed Combat
  4798 | D:7      | Noticed Maggie
  4804 | D:7      | Killed Maggie
  5007 | D:8      | Found Itikk's Assorted Antiques.
  5034 | D:8      | XOM: give mutations
  5034 | D:8      | Gained mutation: You are robust. (+10% HP) [Xom's grace]
  5034 | D:8      | Gained mutation: You are partially covered in iridescent
                  | scales. (AC +2) [Xom's grace]
  5053 | D:8      | Identified the +5 trident of Isoof {flame, Str+3}
  5090 | D:8      | Found Reol's General Store.
  5095 | D:8      | Bought a scroll of fear for 44 gold pieces
  5095 | D:8      | Bought a potion of heal wounds for 55 gold pieces
  5095 | D:8      | Bought a potion of might for 44 gold pieces
  5160 | D:8      | Found a basalt altar of Yredelemnul.
  5403 | D:8      | Identified the +1 ring mail of Zihuhous {Fly rC+}
  5439 | D:8      | Found Fupt's Book Boutique.
  5560 | D:8      | Found Soecw's Armour Shoppe.
  5696 | D:8      | XOM: silly message
  5714 | D:8      | Reached skill level 11 in Unarmed Combat
  5729 | D:8      | Found a hide-covered altar of Uskayaw.
  6242 | D:9      | Reached XP level 10. HP: 87/101 MP: 9/9
  6332 | D:10     | Entered Level 10 of the Dungeon
  6405 | D:10     | XOM: divination: detect items
  6417 | D:10     | XOM: cast spell 'Dispersal'
  6421 | D:10     | Reached skill level 12 in Unarmed Combat
  6478 | D:10     | Found a shadowy altar of Dithmenos.
  6480 | D:10     | Found a radiant altar of Vehumet.
  6481 | D:10     | XOM: scenery: create altars
  6492 | D:10     | XOM: 1-stop teleportation journey
  6504 | D:10     | XOM: summons friendly iron imp
  6606 | D:10     | XOM: cloud trail
  6715 | D:10     | Noticed a soul eater
  6727 | D:10     | XOM: scenery: create altars
  6729 | D:10     | XOM: summons friendly crimson imp
  6731 | D:10     | Noticed a sun demon
  6735 | D:10     | Reached skill level 5 in Fighting
  7429 | D:11     | Noticed a boulder beetle
  7439 | D:11     | Noticed a manticore
  7509 | D:11     | Noticed a catoblepas
  7537 | D:11     | XOM: fog
  7538 | D:11     | Killed a catoblepas
  7632 | D:11     | XOM is BORED!
  7632 | D:11     | XOM: give mutations
  7632 | D:11     | Gained mutation: You are dopey. (Int -2) [Xom's mischief]
  7632 | D:11     | Gained mutation: Your spells are a little harder to cast,
                  | but a little more powerful. [Xom's mischief]
  7632 | D:11     | Lost mutation: You are dopey. (Int -2) [Xom's mischief]
  7637 | D:11     | Reached XP level 11. HP: 115/115 MP: 10/10
  7712 | D:11     | Reached skill level 1 in Armour
  7853 | D:11     | Found a staircase to the Lair.
  7888 | D:11     | Found a staircase to the Orcish Mines.
  8021 | D:11     | Identified the +1 kite shield "Fanol" {Rampage Will- rCorr}
                  | (Xom gifted it to you on level 11 of the Dungeon)
  8021 | D:11     | XOM: god gift: +1 kite shield "Fanol" {Rampage Will- rCorr}
  8048 | D:11     | XOM: polymorph yak -> raiju
  8232 | Lair:1   | Entered Level 1 of the Lair of Beasts
  8291 | Lair:1   | XOM: summons 4 hostile demons
  8434 | Lair:1   | XOM: divination: detect creatures
  9056 | Lair:1   | XOM: polymorph komodo dragon -> guardian serpent
  9174 | Lair:1   | XOM: summons 2 hostile demons
  9175 | Lair:1   | Noticed a sun demon
  9268 | Lair:2   | Slain by a hell rat

Illustrated notes

Levels and vault maps discovered:
D:1:      amcnicky_arrival_blooded_trapdoor, layout_loops_ring
D:2:      layout_rooms, basic_altar, grunt_ministairs_3, minmay_misc_feat_iff,
          minmay_door_square, st_stairs_1, minmay_misc_feat_square
D:3:      layout_basic, lemuel_round_altar, nicolae_overflow_ecumenical_swirl,
          item_on_display_a
D:4:      layout_cave_pools, serial_bayou_pond_b, minmay_fire_ice_demons,
          uniq_blork_the_orc
D:5:      layout_basic, serial_shops, nicolae_shop_trees, ebering_ghost_sewer_d,
          minmay_stone_trees_small, uniq_crazy_yiuf_cottage, uniq_ijyb,
          uniq_sigmund
D:6:      layout_basic, minmay_temple_entry_statues_pillars
D:7:      layout_loops_ring, hangedman_decor_opposing, uniq_maggie
D:8:      layout_gridville, mainiacjoe_overflow_catwalk,
          mainiacjoe_overflow_tiny_flanked, serial_shops,
          nicolae_shop_back_alley_shop, nicolae_shop_crystal,
          nicolae_stop_n_shop_1, shop
D:9:      layout_roguey, nicolae_elevator_lobby_plus
D:10:     layout_loops_corners, mainiacjoe_overflow_catwalk_spiral,
          small_statue_alley_b
D:11:     layout_long_grid, lair_entry_dummy, orc_0_dummy
Temple:   regret_index_temple_sphere_string
Lair:1:   layout_cave_pods, grunt_megastairs_3, lemuel_fruit_tree
Lair:2:   lemuel_ratsnest, layout_cave_pods, nicolae_shoals_entry_roost,
          uniq_fannar

Skill      XL: |  1  2  3  4  5  6  7  8  9 10 11 |
---------------+----------------------------------+-----
Throwing       | 2 4 |  4.0
Unarmed Combat | 4 5 6 7 9 11 12 | 12.0
Shapeshifting  | 1 2 3 4 6 7 8 9 |  9.2
Fighting       | 2 3 6 |  6.0
Armour         | 4 |  4.0
Dodging        | 4 |  4.9

Action                     |  1- 3 |  4- 6 |  7- 9 | 10-12 || total
---------------------------+-------+-------+-------+-------++-------
  Melee: Unarmed           |    67 |   109 |   212 |   246 ||   634
         Punch             |       |     1 |     8 |    24 ||    33
  Throw: Large rock        |       |       |     1 |       ||     1
         Javelin           |       |       |       |     6 ||     6
         Dart              |       |       |       |     1 ||     1
Ability: Begin Untransform |       |       |     1 |       ||     1
    Use: Scroll            |       |       |     8 |     3 ||    11
         Potion            |       |       |       |     1 ||     1
   Stab: Invisible         |       |       |     8 |       ||     8
         Paralysed         |       |       |     1 |       ||     1
 Armour: Robe              |    32 |    48 |    83 |       ||   163
         Swamp dragon scal |       |       |    41 |   188 ||   229
  Dodge: Dodged            |    31 |    39 |    68 |   104 ||   242
   Form: Beast             |     1 |       |     1 |       ||     2

Table legend: (Time is in decaauts)
 A = Elapsed time spent in this place.
 B = Non-inter-level travel time spent in this place.
 C = Inter-level travel time spent in this place.
 D = Time resting spent in this place.
 E = Time spent auto-exploring this place.
 F = Levels seen in this place.
 G = Mean time per level.
                   A        B        C        D        E       F      G
               +--------+--------+--------+--------+--------+-----+--------+
         Total |   9152 |   8646 |    506 |     36 |   6740 |  14 |  653.7 |
       Dungeon |   8089 |   7677 |    412 |     36 |   5942 |  11 |  735.4 |
        Temple |     50 |      2 |     48 |      0 |      0 |   1 |   50.0 |
          Lair |   1012 |    966 |     46 |      0 |    798 |   2 |  506.0 |
               +--------+--------+--------+--------+--------+-----+--------+

Top non-repeatable levels by time:
    D:10: 1081 daAuts
  Lair:1: 979 daAuts
     D:5: 942 daAuts
     D:3: 866 daAuts
     D:8: 805 daAuts
    D:11: 780 daAuts
     D:7: 739 daAuts
     D:1: 737 daAuts
     D:6: 551 daAuts
     D:2: 545 daAuts
     D:4: 526 daAuts
     D:9: 512 daAuts
  Temple: 50 daAuts
  Lair:2: 33 daAuts
